Jets vs Kings

Created - Friday, October 10, 2014 at 23:28

Goals
1 2 3 T
Jets 0 0 1 1
Kings 1 1 1 3
Shots
1 2 3 T
Jets 14 6 11 31
Kings 11 8 10 29

1st period

1. Kings , Milan Lucic 1 (Henrik Tallinder) at 13:48

Penalties :
Kris Russell (Wpg) for Hooking (Minor) at 8:25, David Perron (Wpg) for Slashing (Minor) at 13:51

2nd period

2. Kings , Ryan Johansen 1 (Mika Zibanejad) at 2:48 (SH)

Penalties :
Adam McQuaid (LA ) for Hooking (Minor) at 1:34

3rd period

3. Kings , Cam Fowler 1 (Milan Lucic, Tyler Seguin) at 2:57 (PP)
4. Jets , Alex Ovechkin 4 (Wayne Simmonds, Oliver Ekman-Larsson) at 5:11

Penalties :
Kyle Turris (Wpg) for Hooking (Minor) at 2:39, Wayne Simmonds (Wpg) for Holding (Minor) at 13:21, Ladislav Smid (LA ) for Holding (Minor) at 16:42

Goalie Stats

Sergei Bobrovsky (Wpg), 26 saves from 29 shots - (0.897), L, 2-1-0, 60:00 minutes
Tuukka Rask (LA ), 30 saves from 31 shots - (0.968), W, 3-0-0, 60:00 minutes

Players Stats for Jets

Player Name              G  A  P  +/- PIM S  H  SB GA TA FO     MP     PP MP  PK MP  
------------------------------------------------------------------------------------
Alex Killorn             0  0  0   0  0   0  2  0  1  0  0/0    10:26   0:00   0:00 
Alex Ovechkin            1  0  1  -1  0   2  1  0  3  1  0/0    19:06   2:04   0:30 
Danny DeKeyser           0  0  0   0  0   0  0  2  1  1  0/0    20:50   0:45   3:45 
David Perron             0  0  0   0  2   1  1  0  0  0  1/1    16:21   1:54   0:00 
Erik Johnson             0  0  0  -1  0   0  2  2  0  0  0/0    22:22   2:01   0:30 
Frans Nielsen            0  0  0   0  0   3  3  1  3  1  3/8    14:52   0:00   4:24 
John Tavares             0  0  0   0  0   1  0  0  6  0  8/11   15:48   1:54   0:00 
Kris Russell             0  0  0  -2  2   4  0  2  0  1  0/0    21:10   2:26   1:47 
Kyle Turris              0  0  0   0  2   2  2  0  0  0  3/8    10:11   0:00   1:21 
Marcus Kruger            0  0  0   0  0   0  2  0  1  0  0/0    14:52   0:00   4:24 
Max Pacioretty           0  0  0  -1  0   6  2  0  3  0  0/0    18:19   2:04   1:21 
Nick Bjugstad            0  0  0   0  0   0  0  1  0  0  1/1     9:04   0:05   0:00 
Oliver Ekman-Larsson     0  1  1   1  0   4  1  0  1  2  0/0    28:35   1:32   5:14 
Raphael Diaz             0  0  0   0  0   2  1  1  0  1  0/0    18:14   1:07   1:01 
Ryan Getzlaf             0  0  0  -1  0   0  2  0  1  0  7/15   17:59   2:04   0:00 
Ryan Murray              0  0  0   0  0   1  0  2  0  1  0/0     7:59   0:00   0:13 
Teemu Selanne            0  0  0   0  0   3  1  0  2  0  0/0     9:24   0:00   0:30 
Wayne Simmonds           0  1  1   0  2   2  2  1  1  0  0/0    17:59   1:54   0:00 

Players Stats for Kings

Player Name              G  A  P  +/- PIM S  H  SB GA TA FO     MP     PP MP  PK MP  
------------------------------------------------------------------------------------
Adam McQuaid             0  0  0   1  2   0  1  1  0  3  0/0    15:01   0:00   0:23 
Cam Fowler               1  0  1  -1  0   5  1  1  1  2  0/0    26:06   3:39   2:43 
Carl Soderberg           0  0  0   0  0   1  1  0  4  0  0/0    18:32   2:34   0:23 
Duncan Keith             0  0  0   0  0   1  1  4  0  0  0/0    20:56   0:00   1:15 
Henrik Tallinder         0  1  1   1  0   1  0  0  1  2  0/0    16:21   2:36   0:00 
John Erskine             0  0  0   0  0   0  0  0  0  0  0/0     0:00   0:00   0:00 
Keith Yandle             0  0  0   0  0   4  0  2  0  1  0/0    22:41   3:39   2:43 
Ladislav Smid            0  0  0   1  2   0  2  2  0  0  0/0    19:43   2:36   0:52 
Matt Cullen              0  0  0   0  0   3  1  1  5  0  0/0    15:52   0:00   0:00 
Mika Zibanejad           0  1  1   1  0   1  3  0  0  0  0/1    20:15   3:41   3:22 
Mikhail Grigorenko       0  0  0   0  0   0  0  0  0  0  0/0     0:00   0:00   0:00 
Milan Lucic              1  1  2   0  0   4  0  0  2  1  0/2    17:39   3:41   0:13 
Ryan Johansen            1  0  1   1  0   2  1  0  2  1  4/6    22:38   2:08   0:21 
Ryan Malone              0  0  0   0  0   0  0  0  0  1  1/2     5:05   0:00   0:00 
Tomas Kopecky            0  0  0   0  0   0  2  0  0  1  4/8    15:05   0:26   0:00 
Tyler Seguin             0  1  1   0  0   3  0  0  5  0  11/18  24:29   3:27   2:53 
Vincent Trocheck         0  0  0   0  0   1  3  0  1  0  0/2    16:58   0:14   0:44 
Vladislav Namestnikov    0  0  0   0  0   3  2  0  0  0  1/5    18:29   2:34   0:00 

3 Stars

1 - Tuukka Rask (LA )
2 - Milan Lucic (LA )
3 - Ryan Johansen (LA )

Power Play

Jets - 0 on 2 Attempt(s) - 0.00%
Kings - 1 on 4 Attempt(s) - 25.00%

Penalty Kill

Jets - 3 on 4 Attempt(s) - 75.00% - Score 0 goal in Penalty Kill
Kings - 2 on 2 Attempt(s) - 100.00% - Score 1 goal in Penalty Kill

Official

Referees : Unknown
Linesman : Unknown

Game Notes

Ryan Murray is injured at 8:35 of 2nd period (Left Hand)
Danny DeKeyser is injured at 4:36 of 3rd period (Right Knee)

Finance

Level 1 -- Attendance: 5723 (95.38%) -- Ticket Income $515,070
Level 2 -- Attendance: 4367 (87.34%) -- Ticket Income $248,919
Level 3 -- Attendance: 2000 (100.00%) -- Ticket Income $64,000
Level 4 -- Attendance: 3755 (93.88%) -- Ticket Income $67,590
Luxury Box -- Attendance: 749 (74.90%) -- Ticket Income $142,310
Game was played at the Staples Center
Total Attendance: 16594 (92.19%)
Total Ticket Income: $1,037,889
Other Income: $508,566
Total Income: $1,546,455

Jets

5 vs 5 Forward 
   Center                   Left Wing                Right Wing               Time % Phy DF OF 
 1 Ryan Getzlaf             Alex Ovechkin            Wayne Simmonds           37     1   1  3  
 2 John Tavares             Max Pacioretty           David Perron             31     1   2  2  
 3 Frans Nielsen            Alex Killorn             Marcus Kruger            20     1   2  2  
 4 Kyle Turris              Nick Bjugstad            Teemu Selanne            12     1   2  2  

5 vs 5 Defense 
   Defense                  Defense                                           Time % Phy DF OF 
 1 Oliver Ekman-Larsson     Danny DeKeyser                                    35     1   2  2  
 2 Kris Russell             Erik Johnson                                      32     1   3  1  
 3 Raphael Diaz             Ryan Murray                                       23     1   3  1  
 4 Oliver Ekman-Larsson     Erik Johnson                                      10     1   2  2  

PowerPlay Forward 
   Center                   Left Wing                Right Wing               Time % Phy DF OF 
 1 Ryan Getzlaf             Max Pacioretty           Alex Ovechkin            60     0   1  4  
 2 John Tavares             David Perron             Wayne Simmonds           40     0   2  3  

PowerPlay Defense
   Defense                  Defense                                           Time % Phy DF OF 
 1 Erik Johnson             Kris Russell                                      60     1   2  2  
 2 Oliver Ekman-Larsson     Danny DeKeyser                                    40     0   2  3  

Penalty Kill 4 Players Forward 
   Center                   Wing                     Time % Phy DF OF 
 1 Frans Nielsen            Marcus Kruger            60     1   2  2  
 2 Kyle Turris              Max Pacioretty           40     1   3  1  

Penalty Kill 4 Players Defense
   Defense                  Defense                  Time % Phy DF OF 
 1 Oliver Ekman-Larsson     Danny DeKeyser           60     1   3  1  
 2 Raphael Diaz             Ryan Murray              40     1   3  1  

Penalty Kill - 3 Players Forward 
   Forward                                           Time % Phy DF OF 
 1 Frans Nielsen                                     60     1   2  2  
 2 Ryan Getzlaf                                      40     1   2  2  

Penalty Kill - 3 Players Defense
   Defense                  Defense                  Time % Phy DF OF 
 1 Oliver Ekman-Larsson     Erik Johnson             60     1   2  2  
 2 Raphael Diaz             Ryan Murray              40     1   2  2  

4 vs 4 Forward 
   Center                   Wing                     Time % Phy DF OF 
 1 Ryan Getzlaf             Alex Ovechkin            60     1   2  2  
 2 Frans Nielsen            Max Pacioretty           40     1   2  2  

4 vs 4 Defense
   Defense                  Defense                  Time % Phy DF OF 
 1 Oliver Ekman-Larsson     Erik Johnson             60     1   2  2  
 2 Kris Russell             Danny DeKeyser           40     1   2  2  

Last Minutes Offensive
   Center                   Left Wing                Right Wing               Defense                  Defense                  
   Ryan Getzlaf             Alex Ovechkin            Wayne Simmonds           Oliver Ekman-Larsson     Kris Russell             

Last Minutes Defensive
   Center                   Left Wing                Right Wing               Defense                  Defense                  
   Ryan Getzlaf             Frans Nielsen            Marcus Kruger            Oliver Ekman-Larsson     Danny DeKeyser           

Goaltenders
Starting : Sergei Bobrovsky         
Backup : Tim Thomas               

Extra Forwards
Normal : John Tavares, Kyle Turris, Teemu Selanne - PP : John Tavares, Kyle Turris - PK : Teemu Selanne
Extra Defensemen
Normal : Raphael Diaz, Ryan Murray, Kris Russell - PP : Raphael Diaz - PK : Ryan Murray, Kris Russell
Penalty Shots
Ryan Getzlaf, Alex Ovechkin, Frans Nielsen, Max Pacioretty, John Tavares

Kings

5 vs 5 Forward 
   Center                   Left Wing                Right Wing               Time % Phy DF OF 
 1 Tyler Seguin             Milan Lucic              Mika Zibanejad           35     1   2  2  
 2 Tomas Kopecky            Carl Soderberg           Ryan Johansen            30     1   2  2  
 3 Ryan Johansen            Ryan Malone              Tyler Seguin             22     1   2  2  
 4 Vladislav Namestnikov    Matt Cullen              Vincent Trocheck         13     1   2  2  

5 vs 5 Defense 
   Defense                  Defense                                           Time % Phy DF OF 
 1 Cam Fowler               Keith Yandle                                      35     1   2  2  
 2 Ladislav Smid            Duncan Keith                                      30     1   2  2  
 3 Henrik Tallinder         Adam McQuaid                                      22     1   2  2  
 4 Duncan Keith             Cam Fowler                                        13     1   2  2  

PowerPlay Forward 
   Center                   Left Wing                Right Wing               Time % Phy DF OF 
 1 Tyler Seguin             Milan Lucic              Mika Zibanejad           60     1   2  2  
 2 Vladislav Namestnikov    Carl Soderberg           Ryan Johansen            40     1   2  2  

PowerPlay Defense
   Defense                  Defense                                           Time % Phy DF OF 
 1 Cam Fowler               Keith Yandle                                      60     1   2  2  
 2 Ladislav Smid            Henrik Tallinder                                  40     1   2  2  

Penalty Kill 4 Players Forward 
   Center                   Wing                     Time % Phy DF OF 
 1 Tyler Seguin             Mika Zibanejad           60     1   2  2  
 2 Ryan Johansen            Milan Lucic              40     1   2  2  

Penalty Kill 4 Players Defense
   Defense                  Defense                  Time % Phy DF OF 
 1 Cam Fowler               Keith Yandle             60     1   2  2  
 2 Ladislav Smid            Duncan Keith             40     1   2  2  

Penalty Kill - 3 Players Forward 
   Forward                                           Time % Phy DF OF 
 1 Tyler Seguin                                      60     1   2  2  
 2 Milan Lucic                                       40     1   2  2  

Penalty Kill - 3 Players Defense
   Defense                  Defense                  Time % Phy DF OF 
 1 Cam Fowler               Keith Yandle             60     1   2  2  
 2 Ladislav Smid            Duncan Keith             40     1   2  2  

4 vs 4 Forward 
   Center                   Wing                     Time % Phy DF OF 
 1 Tyler Seguin             Mika Zibanejad           60     1   2  2  
 2 Ryan Johansen            Milan Lucic              40     1   2  2  

4 vs 4 Defense
   Defense                  Defense                  Time % Phy DF OF 
 1 Cam Fowler               Keith Yandle             60     1   2  2  
 2 Ladislav Smid            Henrik Tallinder         40     1   2  2  

Last Minutes Offensive
   Center                   Left Wing                Right Wing               Defense                  Defense                  
   Tyler Seguin             Milan Lucic              Mika Zibanejad           Cam Fowler               Keith Yandle             

Last Minutes Defensive
   Center                   Left Wing                Right Wing               Defense                  Defense                  
   Tyler Seguin             Milan Lucic              Mika Zibanejad           Cam Fowler               Keith Yandle             

Goaltenders
Starting : Tuukka Rask              
Backup : Jonas Gustavsson         

Extra Forwards
Normal : Milan Lucic, Vladislav Namestnikov, Tyler Seguin - PP : Tyler Seguin, Vladislav Namestnikov - PK : Tyler Seguin
Extra Defensemen
Normal : Henrik Tallinder, Cam Fowler, Keith Yandle - PP : Henrik Tallinder - PK : Keith Yandle, Cam Fowler
Penalty Shots
Tyler Seguin, Vladislav Namestnikov, Ryan Johansen, Milan Lucic, Mika Zibanejad

% Time on Ice - Jets

Lines # - Real PCT - Wanted PCT - Time Play
Normal Forward
1 - 33% - 37% - 16:35
2 - 29% - 31% - 14:29
3 - 21% - 20% - 10:26
4 - 17% - 12% - 8:17
Normal Defense
1 - 41% - 35% - 20:10
2 - 29% - 32% - 14:37
3 - 25% - 23% - 12:30
4 - 5% - 10% - 2:30
PP Forward
1 - 52% - 60% - 2:04
2 - 48% - 40% - 1:54
PP Defense
1 - 40% - 60% - 1:35
2 - 60% - 40% - 2:23
PK Forward
1 - 78% - 60% - 4:54
2 - 22% - 40% - 1:21
PK Defense
1 - 84% - 60% - 5:14
2 - 16% - 40% - 1:01
PK3 Forward
1 - 0% - 60%
2 - 0% - 40%
PK3 Defense
1 - 0% - 60%
2 - 0% - 40%
44 Forward
1 - 0% - 60%
2 - 0% - 40%
44 Defense
1 - 0% - 60%
2 - 0% - 40%
Last Minute Offensive  - 0:00
Last Minute Defensive  - 0:00
Total
Forward - 60:00
Defense - 60:00

% Time on Ice - Kings

Lines # - Real PCT - Wanted PCT - Time Play
Normal Forward
1 - 28% - 35% - 14:07
2 - 30% - 30% - 14:43
3 - 10% - 22% - 5:05
4 - 32% - 13% - 15:52
Normal Defense
1 - 33% - 35% - 16:19
2 - 33% - 30% - 16:17
3 - 28% - 22% - 13:46
4 - 7% - 13% - 3:25
PP Forward
1 - 59% - 60% - 3:41
2 - 41% - 40% - 2:34
PP Defense
1 - 58% - 60% - 3:39
2 - 42% - 40% - 2:36
PK Forward
1 - 95% - 60% - 3:45
2 - 5% - 40% - 0:13
PK Defense
1 - 68% - 60% - 2:43
2 - 32% - 40% - 1:15
PK3 Forward
1 - 0% - 60%
2 - 0% - 40%
PK3 Defense
1 - 0% - 60%
2 - 0% - 40%
44 Forward
1 - 0% - 60%
2 - 0% - 40%
44 Defense
1 - 0% - 60%
2 - 0% - 40%
Last Minute Offensive  - 0:00
Last Minute Defensive  - 0:00
Total
Forward - 60:00
Defense - 60:00

Play by Play

1st period


0:01 of 1st period - Ryan Getzlaf wins face-off versus Tyler Seguin in neutral zone.
1:44 of 1st period - Wrist shot by Vincent Trocheck.
1:44 of 1st period - Shot Misses the Net.
2:04 of 1st period - Slapshot by Matt Cullen.
2:04 of 1st period - Stopped by Sergei Bobrovsky with a rebound.
2:06 of 1st period - Wrist shot by Matt Cullen.
2:06 of 1st period - Deflect By Vladislav Namestnikov.
2:06 of 1st period - Shot Blocked by Kris Russell.
2:06 of 1st period - Puck is out of play.
2:07 of 1st period - Ryan Johansen wins face-off versus Kyle Turris in Jets zone.
2:08 of 1st period - Snap shot by Tyler Seguin.
2:08 of 1st period - Shot Misses the Net.
2:20 of 1st period - Snap shot by Kyle Turris.
2:20 of 1st period - Deflect By Teemu Selanne.
2:20 of 1st period - Stopped by Tuukka Rask with a rebound.
2:24 of 1st period - Wrist shot by Teemu Selanne.
2:24 of 1st period - Stopped by Tuukka Rask with a rebound.
2:26 of 1st period - Slapshot by Ryan Murray.
2:26 of 1st period - Deflect By Kyle Turris.
2:26 of 1st period - Shot Misses the Net.
2:26 of 1st period - Puck is out of play.
2:27 of 1st period - Kyle Turris wins face-off versus Ryan Johansen in Kings zone.
2:30 of 1st period - Snap shot by Teemu Selanne.
2:30 of 1st period - Stopped by Tuukka Rask with a rebound.
2:36 of 1st period - Wrist shot by Nick Bjugstad.
2:36 of 1st period - Shot Misses the Net.
2:38 of 1st period - Wrist shot by Raphael Diaz.
2:38 of 1st period - Shot Misses the Net.
2:40 of 1st period - Snap shot by Kyle Turris.
2:40 of 1st period - Shot Blocked by Duncan Keith.
2:42 of 1st period - Wrist shot by Kyle Turris.
2:42 of 1st period - Stopped by Tuukka Rask with a rebound.
2:44 of 1st period - Slapshot by Ryan Murray.
2:44 of 1st period - Stopped by Tuukka Rask with a rebound.
2:46 of 1st period - Snap shot by Kyle Turris.
2:46 of 1st period - Stopped by Tuukka Rask with a rebound.
2:48 of 1st period - Slapshot by Ryan Murray.
2:48 of 1st period - Shot Blocked by Duncan Keith.
2:50 of 1st period - Snap shot by Ryan Murray.
2:50 of 1st period - Shot Blocked by Duncan Keith.
3:11 of 1st period - Cam Fowler is hit by Ryan Getzlaf and loses puck.
3:20 of 1st period - Raphael Diaz is hit by Matt Cullen and loses puck.
3:31 of 1st period - Slapshot by Vincent Trocheck.
3:31 of 1st period - Shot Misses the Net.
4:18 of 1st period - Slapshot by Keith Yandle.
4:18 of 1st period - Deflect By Oliver Ekman-Larsson.
4:18 of 1st period - Stopped by Sergei Bobrovsky with a rebound.
4:55 of 1st period - Snap shot by Matt Cullen.
4:55 of 1st period - Stopped by Sergei Bobrovsky with a rebound.
5:37 of 1st period - Wrist shot by Kyle Turris.
5:37 of 1st period - Shot Misses the Net.
5:39 of 1st period - Backhand shot by Kris Russell.
5:39 of 1st period - Shot Misses the Net.
6:02 of 1st period - Slapshot by Oliver Ekman-Larsson.
6:02 of 1st period - Stopped by Tuukka Rask without a rebound.
6:03 of 1st period - John Tavares wins face-off versus Vincent Trocheck in Kings zone.
6:14 of 1st period - Wrist shot by Max Pacioretty.
6:14 of 1st period - Stopped by Tuukka Rask with a rebound.
6:16 of 1st period - Wrist shot by John Tavares.
6:16 of 1st period - Stopped by Tuukka Rask without a rebound.
6:17 of 1st period - John Tavares wins face-off versus Tyler Seguin in Kings zone.
6:38 of 1st period - Snap shot by Milan Lucic.
6:38 of 1st period - Stopped by Sergei Bobrovsky with a rebound.
7:48 of 1st period - Slapshot by Duncan Keith.
7:48 of 1st period - Shot Misses the Net.
7:50 of 1st period - Wrist shot by Vladislav Namestnikov.
7:50 of 1st period - Stopped by Sergei Bobrovsky with a rebound.
7:52 of 1st period - Slapshot by Ladislav Smid.
7:52 of 1st period - Shot Blocked by Ryan Murray.
8:25 of 1st period - Minor Penalty to Kris Russell for Hooking.
8:26 of 1st period - Tyler Seguin wins face-off versus Frans Nielsen in Jets zone.
9:21 of 1st period - Slapshot by Keith Yandle.
9:21 of 1st period - Shot Misses the Net.
9:25 of 1st period - Wrist shot by Tyler Seguin.
9:25 of 1st period - Stopped by Sergei Bobrovsky with a rebound.
9:27 of 1st period - Snap shot by Keith Yandle.
9:27 of 1st period - Stopped by Sergei Bobrovsky with a rebound.
9:29 of 1st period - Slapshot by Keith Yandle.
9:29 of 1st period - Stopped by Sergei Bobrovsky with a rebound.
9:58 of 1st period - Max Pacioretty is hit by Carl Soderberg and loses puck.
10:11 of 1st period - Icing by Henrik Tallinder.
10:12 of 1st period - Tyler Seguin wins face-off versus Kyle Turris in Kings zone.
10:17 of 1st period - Wrist shot by Milan Lucic.
10:17 of 1st period - Shot Misses the Net.
10:25 of 1st period - Penalty to Kris Russell is over, Kris Russell is back on ice.
10:35 of 1st period - Wrist shot by Wayne Simmonds.
10:35 of 1st period - Shot Blocked by Keith Yandle.
10:37 of 1st period - Snap shot by Raphael Diaz.
10:37 of 1st period - Stopped by Tuukka Rask with a rebound.
10:39 of 1st period - Wrist shot by Ryan Murray.
10:39 of 1st period - Shot Misses the Net.
11:03 of 1st period - Snap shot by Alex Ovechkin.
11:03 of 1st period - Shot Misses the Net.
11:40 of 1st period - Snap shot by John Tavares.
11:40 of 1st period - Shot Misses the Net.
11:42 of 1st period - Snap shot by Kris Russell.
11:42 of 1st period - Stopped by Tuukka Rask without a rebound.
11:43 of 1st period - Kyle Turris wins face-off versus Tomas Kopecky in Kings zone.
11:51 of 1st period - Wrist shot by Carl Soderberg.
11:51 of 1st period - Shot Blocked by Raphael Diaz.
11:53 of 1st period - Slapshot by Duncan Keith.
11:53 of 1st period - Stopped by Sergei Bobrovsky without a rebound.
11:54 of 1st period - Tomas Kopecky wins face-off versus Kyle Turris in Jets zone.
12:17 of 1st period - Ladislav Smid is hit by Raphael Diaz and loses puck.
13:04 of 1st period - Wrist shot by David Perron.
13:04 of 1st period - Deflect By John Tavares.
13:04 of 1st period - Shot Misses the Net.
13:04 of 1st period - Puck is out of play.
13:05 of 1st period - Vladislav Namestnikov wins face-off versus Ryan Getzlaf in Kings zone.
13:05 of 1st period - Vladislav Namestnikov is hit by Ryan Getzlaf.
13:48 of 1st period - Snap shot by Milan Lucic.
13:48 of 1st period - Goal by Milan Lucic - Jets : 0 - Kings : 1.
13:49 of 1st period - John Tavares wins face-off versus Vladislav Namestnikov in neutral zone.
13:51 of 1st period - Minor Penalty to David Perron for Slashing.
13:52 of 1st period - Frans Nielsen wins face-off versus Milan Lucic in Jets zone.
14:50 of 1st period - Oliver Ekman-Larsson is hit by Vladislav Namestnikov.
15:51 of 1st period - Penalty to David Perron is over, David Perron is back on ice.
16:02 of 1st period - Cam Fowler is hit by Kyle Turris and loses puck.
16:45 of 1st period - Snap shot by Wayne Simmonds.
16:45 of 1st period - Stopped by Tuukka Rask without a rebound.
16:46 of 1st period - Ryan Getzlaf wins face-off versus Milan Lucic in Kings zone.
16:49 of 1st period - Wrist shot by Wayne Simmonds.
16:49 of 1st period - Stopped by Tuukka Rask with a rebound.
17:49 of 1st period - Slapshot by Cam Fowler.
17:49 of 1st period - Shot Hit the Post.
17:51 of 1st period - Slapshot by Cam Fowler.
17:51 of 1st period - Stopped by Sergei Bobrovsky with a rebound.
19:25 of 1st period - Snap shot by Frans Nielsen.
19:25 of 1st period - Stopped by Tuukka Rask with a rebound.
19:39 of 1st period - Keith Yandle is hit by Frans Nielsen.
Goals for this period are 0 for Jets vs 1 for Kings.
Shots for this period are 14 for Jets vs 11 for Kings.

2nd period


0:01 of 2nd period - Ryan Getzlaf wins face-off versus Ryan Malone in neutral zone.
0:14 of 2nd period - Snap shot by Ryan Johansen.
0:14 of 2nd period - Shot Blocked by Danny DeKeyser.
0:16 of 2nd period - Slapshot by Cam Fowler.
0:16 of 2nd period - Shot Blocked by Wayne Simmonds.
0:57 of 2nd period - Danny DeKeyser is hit by Vincent Trocheck and loses puck.
1:11 of 2nd period - Matt Cullen is hit by Max Pacioretty and loses puck.
1:34 of 2nd period - Minor Penalty to Adam McQuaid for Hooking.
1:35 of 2nd period - Tyler Seguin wins face-off versus Ryan Getzlaf in Kings zone.
2:48 of 2nd period - Slapshot by Ryan Johansen.
2:48 of 2nd period - Goal by Ryan Johansen - Jets : 0 - Kings : 2.
2:49 of 2nd period - John Tavares wins face-off versus Tyler Seguin in neutral zone.
3:05 of 2nd period - Slapshot by Oliver Ekman-Larsson.
3:05 of 2nd period - Stopped by Tuukka Rask with a rebound.
3:07 of 2nd period - Slapshot by Oliver Ekman-Larsson.
3:07 of 2nd period - Deflect By Duncan Keith.
3:07 of 2nd period - Stopped by Tuukka Rask with a rebound.
3:09 of 2nd period - Slapshot by Oliver Ekman-Larsson.
3:09 of 2nd period - Stopped by Tuukka Rask with a rebound.
3:11 of 2nd period - Slapshot by Oliver Ekman-Larsson.
3:11 of 2nd period - Shot Misses the Net.
3:13 of 2nd period - Slapshot by Oliver Ekman-Larsson.
3:13 of 2nd period - Shot Misses the Net.
3:34 of 2nd period - Penalty to Adam McQuaid is over, Adam McQuaid is back on ice.
4:53 of 2nd period - Cam Fowler is hit by Kyle Turris and loses puck.
5:22 of 2nd period - Wrist shot by Milan Lucic.
5:22 of 2nd period - Shot Blocked by Nick Bjugstad.
5:24 of 2nd period - Snap shot by Tyler Seguin.
5:24 of 2nd period - Deflect By Erik Johnson.
5:24 of 2nd period - Shot Misses the Net.
5:24 of 2nd period - Puck is out of play.
5:25 of 2nd period - Ryan Getzlaf wins face-off versus Tyler Seguin in Jets zone.
6:09 of 2nd period - Icing by Keith Yandle.
6:10 of 2nd period - John Tavares wins face-off versus Vladislav Namestnikov in Kings zone.
6:31 of 2nd period - Ryan Johansen is hit by Max Pacioretty.
6:40 of 2nd period - Oliver Ekman-Larsson is hit by Tomas Kopecky and loses puck.
6:55 of 2nd period - Henrik Tallinder is hit by Frans Nielsen and loses puck.
7:17 of 2nd period - Ryan Malone is hit by Alex Killorn and loses puck.
7:45 of 2nd period - Ryan Getzlaf is hit by Ladislav Smid and loses puck.
8:02 of 2nd period - Raphael Diaz is hit by Duncan Keith and loses puck.
8:30 of 2nd period - Ryan Getzlaf is hit by Mika Zibanejad and loses puck.
8:35 of 2nd period - Snap shot by Milan Lucic.
8:35 of 2nd period - Shot Blocked by Ryan Murray.
8:35 of 2nd period - Ryan Murray from Jets is injured at 8:35 of 2nd period (Left Hand).
8:36 of 2nd period - Tyler Seguin wins face-off versus Ryan Getzlaf in Jets zone.
8:49 of 2nd period - Snap shot by Milan Lucic.
8:49 of 2nd period - Shot Misses the Net.
9:50 of 2nd period - Snap shot by David Perron.
9:50 of 2nd period - Stopped by Tuukka Rask without a rebound.
9:51 of 2nd period - Frans Nielsen wins face-off versus Vincent Trocheck in Kings zone.
10:07 of 2nd period - Wrist shot by Matt Cullen.
10:07 of 2nd period - Stopped by Sergei Bobrovsky with a rebound.
10:09 of 2nd period - Slapshot by Henrik Tallinder.
10:09 of 2nd period - Shot Misses the Net.
10:11 of 2nd period - Wrist shot by Vladislav Namestnikov.
10:11 of 2nd period - Stopped by Sergei Bobrovsky with a rebound.
10:13 of 2nd period - Snap shot by Vincent Trocheck.
10:13 of 2nd period - Stopped by Sergei Bobrovsky with a rebound.
10:15 of 2nd period - Wrist shot by Vincent Trocheck.
10:15 of 2nd period - Shot Misses the Net.
10:17 of 2nd period - Snap shot by Henrik Tallinder.
10:17 of 2nd period - Stopped by Sergei Bobrovsky with a rebound.
10:19 of 2nd period - Snap shot by Adam McQuaid.
10:19 of 2nd period - Shot Blocked by Erik Johnson.
10:21 of 2nd period - Snap shot by Vladislav Namestnikov.
10:21 of 2nd period - Stopped by Sergei Bobrovsky without a rebound.
10:22 of 2nd period - Tomas Kopecky wins face-off versus John Tavares in Jets zone.
10:27 of 2nd period - Snap shot by Cam Fowler.
10:27 of 2nd period - Stopped by Sergei Bobrovsky with a rebound.
10:39 of 2nd period - Backhand shot by Ryan Johansen.
10:39 of 2nd period - Deflect By Oliver Ekman-Larsson.
10:39 of 2nd period - Shot Misses the Net.
10:39 of 2nd period - Puck is out of play.
10:40 of 2nd period - David Perron wins face-off versus Tomas Kopecky in Jets zone.
12:08 of 2nd period - Icing by Marcus Kruger.
12:09 of 2nd period - Frans Nielsen wins face-off versus Vladislav Namestnikov in Jets zone.
12:09 of 2nd period - Frans Nielsen is hit by Vladislav Namestnikov.
12:33 of 2nd period - Snap shot by Frans Nielsen.
12:33 of 2nd period - Stopped by Tuukka Rask with a rebound.
12:35 of 2nd period - Wrist shot by Frans Nielsen.
12:35 of 2nd period - Deflect By Alex Killorn.
12:35 of 2nd period - Shot Blocked by Keith Yandle.
12:35 of 2nd period - Puck is out of play.
12:36 of 2nd period - Tomas Kopecky wins face-off versus John Tavares in Kings zone.
13:10 of 2nd period - Wrist shot by Ryan Johansen.
13:10 of 2nd period - Shot Misses the Net.
14:29 of 2nd period - Kris Russell is hit by Vincent Trocheck and loses puck.
14:52 of 2nd period - Erik Johnson is hit by Adam McQuaid and loses puck.
15:29 of 2nd period - Icing by Cam Fowler.
15:30 of 2nd period - Ryan Malone wins face-off versus Kyle Turris in Kings zone.
16:08 of 2nd period - Wrist shot by Tyler Seguin.
16:08 of 2nd period - Shot Blocked by Kris Russell.
16:10 of 2nd period - Snap shot by Milan Lucic.
16:10 of 2nd period - Stopped by Sergei Bobrovsky without a rebound.
16:11 of 2nd period - Tyler Seguin wins face-off versus John Tavares in Jets zone.
16:41 of 2nd period - Snap shot by Max Pacioretty.
16:41 of 2nd period - Deflect By Vincent Trocheck.
16:41 of 2nd period - Stopped by Tuukka Rask with a rebound.
16:43 of 2nd period - Snap shot by David Perron.
16:43 of 2nd period - Shot Blocked by Matt Cullen.
19:51 of 2nd period - Snap shot by Mika Zibanejad.
19:51 of 2nd period - Shot Misses the Net.
19:53 of 2nd period - Wrist shot by Adam McQuaid.
19:53 of 2nd period - Shot Blocked by Erik Johnson.
19:58 of 2nd period - Icing by Oliver Ekman-Larsson.
19:59 of 2nd period - Tomas Kopecky wins face-off versus Ryan Getzlaf in Jets zone.
Goals for this period are 0 for Jets vs 1 for Kings.
Shots for this period are 6 for Jets vs 8 for Kings.

3rd period


0:01 of 3rd period - Ryan Johansen wins face-off versus Ryan Getzlaf in neutral zone.
0:18 of 3rd period - Ryan Johansen is hit by Wayne Simmonds and loses puck.
0:27 of 3rd period - Snap shot by Ryan Johansen.
0:27 of 3rd period - Stopped by Sergei Bobrovsky with a rebound.
0:29 of 3rd period - Slapshot by Cam Fowler.
0:29 of 3rd period - Shot Misses the Net.
0:31 of 3rd period - Snap shot by Ryan Johansen.
0:31 of 3rd period - Deflect By Tyler Seguin.
0:31 of 3rd period - Stopped by Sergei Bobrovsky without a rebound.
0:32 of 3rd period - John Tavares wins face-off versus Mika Zibanejad in Jets zone.
0:57 of 3rd period - Henrik Tallinder is hit by Erik Johnson and loses puck.
1:06 of 3rd period - Milan Lucic is hit by Erik Johnson and loses puck.
1:25 of 3rd period - Ryan Johansen is hit by Alex Killorn and loses puck.
1:47 of 3rd period - Snap shot by Frans Nielsen.
1:47 of 3rd period - Shot Blocked by Adam McQuaid.
1:49 of 3rd period - Snap shot by Danny DeKeyser.
1:49 of 3rd period - Shot Misses the Net.
2:13 of 3rd period - Wrist shot by Wayne Simmonds.
2:13 of 3rd period - Shot Hit the Post.
2:22 of 3rd period - Cam Fowler is hit by Oliver Ekman-Larsson and loses puck.
2:31 of 3rd period - Slapshot by Keith Yandle.
2:31 of 3rd period - Stopped by Sergei Bobrovsky without a rebound.
2:32 of 3rd period - Tyler Seguin wins face-off versus Kyle Turris in Jets zone.
2:37 of 3rd period - Snap shot by Milan Lucic.
2:37 of 3rd period - Stopped by Sergei Bobrovsky with a rebound.
2:39 of 3rd period - Minor Penalty to Kyle Turris for Hooking.
2:40 of 3rd period - Tyler Seguin wins face-off versus Frans Nielsen in Jets zone.
2:47 of 3rd period - Snap shot by Tyler Seguin.
2:47 of 3rd period - Shot Blocked by Frans Nielsen.
2:49 of 3rd period - Slapshot by Cam Fowler.
2:49 of 3rd period - Stopped by Sergei Bobrovsky with a rebound.
2:51 of 3rd period - Slapshot by Cam Fowler.
2:51 of 3rd period - Stopped by Sergei Bobrovsky without a rebound.
2:52 of 3rd period - Tyler Seguin wins face-off versus Frans Nielsen in Jets zone.
2:55 of 3rd period - Wrist shot by Milan Lucic.
2:55 of 3rd period - Shot Misses the Net.
2:57 of 3rd period - Slapshot by Cam Fowler.
2:57 of 3rd period - Goal by Cam Fowler - Jets : 0 - Kings : 3.
2:58 of 3rd period - Ryan Johansen wins face-off versus Ryan Getzlaf in neutral zone.
3:39 of 3rd period - Alex Ovechkin is hit by Cam Fowler and loses puck.
4:36 of 3rd period - Wrist shot by Tyler Seguin.
4:36 of 3rd period - Shot Blocked by Danny DeKeyser.
4:36 of 3rd period - Danny DeKeyser from Jets is injured at 4:36 of 3rd period (Right Knee).
4:37 of 3rd period - Ryan Getzlaf wins face-off versus Tyler Seguin in Jets zone.
5:11 of 3rd period - Wrist shot by Alex Ovechkin.
5:11 of 3rd period - Goal by Alex Ovechkin - Jets : 1 - Kings : 3.
5:12 of 3rd period - John Tavares wins face-off versus Tomas Kopecky in neutral zone.
5:31 of 3rd period - Snap shot by Carl Soderberg.
5:31 of 3rd period - Stopped by Sergei Bobrovsky with a rebound.
5:45 of 3rd period - Snap shot by Max Pacioretty.
5:45 of 3rd period - Stopped by Tuukka Rask with a rebound.
5:47 of 3rd period - Slapshot by Kris Russell.
5:47 of 3rd period - Stopped by Tuukka Rask without a rebound.
5:48 of 3rd period - Ryan Getzlaf wins face-off versus Tyler Seguin in Kings zone.
7:32 of 3rd period - Alex Killorn is hit by Tomas Kopecky and loses puck.
8:01 of 3rd period - Henrik Tallinder is hit by Marcus Kruger and loses puck.
8:30 of 3rd period - Henrik Tallinder is hit by David Perron and loses puck.
10:23 of 3rd period - Kyle Turris is hit by Vincent Trocheck and loses puck.
10:51 of 3rd period - Wrist shot by Max Pacioretty.
10:51 of 3rd period - Stopped by Tuukka Rask with a rebound.
10:53 of 3rd period - Slapshot by Kris Russell.
10:53 of 3rd period - Deflect By Cam Fowler.
10:53 of 3rd period - Stopped by Tuukka Rask without a rebound.
10:54 of 3rd period - John Tavares wins face-off versus Tyler Seguin in Kings zone.
11:23 of 3rd period - Erik Johnson is hit by Ryan Johansen and loses puck.
12:10 of 3rd period - Wrist shot by Alex Ovechkin.
12:10 of 3rd period - Stopped by Tuukka Rask with a rebound.
12:12 of 3rd period - Slapshot by Raphael Diaz.
12:12 of 3rd period - Stopped by Tuukka Rask without a rebound.
12:13 of 3rd period - Nick Bjugstad wins face-off versus Tomas Kopecky in Kings zone.
12:14 of 3rd period - Snap shot by Kyle Turris.
12:14 of 3rd period - Shot Blocked by Ladislav Smid.
12:44 of 3rd period - Ladislav Smid is hit by Teemu Selanne and loses puck.
12:55 of 3rd period - Erik Johnson is hit by Ladislav Smid and loses puck.
13:14 of 3rd period - Snap shot by Tyler Seguin.
13:14 of 3rd period - Deflect By Ryan Johansen.
13:14 of 3rd period - Shot Misses the Net.
13:14 of 3rd period - Puck is out of play.
13:15 of 3rd period - Ryan Johansen wins face-off versus Ryan Getzlaf in Jets zone.
13:18 of 3rd period - Slapshot by Tyler Seguin.
13:18 of 3rd period - Stopped by Sergei Bobrovsky without a rebound.
13:19 of 3rd period - Ryan Getzlaf wins face-off versus Ryan Johansen in Jets zone.
13:21 of 3rd period - Minor Penalty to Wayne Simmonds for Holding.
13:22 of 3rd period - Tyler Seguin wins face-off versus Frans Nielsen in Jets zone.
13:22 of 3rd period - Snap shot by Mika Zibanejad.
13:22 of 3rd period - Stopped by Sergei Bobrovsky without a rebound.
13:23 of 3rd period - Tyler Seguin wins face-off versus Frans Nielsen in Jets zone.
13:51 of 3rd period - Kris Russell is hit by Mika Zibanejad and loses puck.
14:13 of 3rd period - Ryan Johansen is hit by Marcus Kruger and loses puck.
14:40 of 3rd period - Oliver Ekman-Larsson is hit by Mika Zibanejad and loses puck.
15:21 of 3rd period - Penalty to Wayne Simmonds is over, Wayne Simmonds is back on ice.
15:35 of 3rd period - Matt Cullen is hit by Alex Ovechkin and loses puck.
15:42 of 3rd period - Slapshot by Cam Fowler.
15:42 of 3rd period - Shot Misses the Net.
16:26 of 3rd period - Snap shot by Max Pacioretty.
16:26 of 3rd period - Stopped by Tuukka Rask with a rebound.
16:28 of 3rd period - Slapshot by Oliver Ekman-Larsson.
16:28 of 3rd period - Shot Blocked by Ladislav Smid.
16:42 of 3rd period - Minor Penalty to Ladislav Smid for Holding.
16:43 of 3rd period - Tyler Seguin wins face-off versus Ryan Getzlaf in Kings zone.
16:56 of 3rd period - Snap shot by Max Pacioretty.
16:56 of 3rd period - Shot Misses the Net.
17:28 of 3rd period - Cam Fowler is hit by Wayne Simmonds and loses puck.
18:05 of 3rd period - Backhand shot by Max Pacioretty.
18:05 of 3rd period - Stopped by Tuukka Rask with a rebound.
18:07 of 3rd period - Slapshot by Raphael Diaz.
18:07 of 3rd period - Shot Blocked by Cam Fowler.
18:09 of 3rd period - Slapshot by Kris Russell.
18:09 of 3rd period - Stopped by Tuukka Rask with a rebound.
18:42 of 3rd period - Penalty to Ladislav Smid is over, Ladislav Smid is back on ice.
19:22 of 3rd period - Ladislav Smid is hit by Frans Nielsen and loses puck.
19:30 of 3rd period - Wrist shot by Frans Nielsen.
19:30 of 3rd period - Shot Misses the Net.
19:32 of 3rd period - Backhand shot by Raphael Diaz.
19:32 of 3rd period - Shot Blocked by Duncan Keith.
19:34 of 3rd period - Snap shot by Frans Nielsen.
19:34 of 3rd period - Stopped by Tuukka Rask without a rebound.
19:35 of 3rd period - Kyle Turris wins face-off versus Vladislav Namestnikov in Kings zone.
19:58 of 3rd period - Wrist shot by Kyle Turris.
19:58 of 3rd period - Shot Misses the Net.
Goals for this period are 1 for Jets vs 1 for Kings.
Shots for this period are 11 for Jets vs 10 for Kings.


Output by the SimonT Hockey Simulator (STHS) for Eric Dolegowski -- Original Page W3C XHTML 1.0 Valid
Hockey Simulator - Hockey Simulation - Hockey Manager